 Dungeon Crawl Stone Soup version 0.31-a0-691-g409c26aa35 (webtiles) character file.

Game seed: 16714707391351440150

74 cforsyth the Trooper (level 4, -1/37 HPs)
             Began as a Demonspawn Chaos Knight on Sept 6, 2023.
             Was a Plaything of Xom.
             Killed from afar by a white imp (4 damage)
             ... with a puff of frost
             ... summoned by Xom
             ... on level 2 of the Dungeon.
             The game lasted 00:02:07 (1899 turns).

cforsyth the Trooper (Demonspawn Chaos Knight)      Turns: 1899, Time: 00:02:07

Health: -1/37      AC:  4    Str: 13    XL:     4   Next: 10%
Magic:  13/13      EV: 11    Int: 13    God:    Xom [*.....]
Gold:   133        SH:  0    Dex: 14    Spells: 3/3 levels left

rFire   . . .        a - +0 falchion (chaos)
rCold   . . .        (no shield)
rNeg    . . .        m - +1 leather armour of Space {Fly MP+9}
rPois   .            (no helmet)
rElec   .            (no cloak)
rCorr   .            (no gloves)
SInv    .            (no boots)
Will    .....        (no amulet)
Stlth   +            (no ring)
HPRegen 0.26/turn    (no ring)
MPRegen 0.13/turn

%: no passive effects
@: flying
A: demonic guardian 1
a: Renounce Religion


You were on level 2 of the Dungeon.
You worshipped Xom.
You were a special plaything of Xom.
You visited 1 branch of the dungeon, and saw 3 of its levels.

You collected 133 gold pieces.

Inventory:

Hand Weapons
 a - a +0 falchion of chaos (weapon)
Armour
 b - a +2 leather armour
 i - a +0 chain mail
 k - a +0 plate armour
 m - the +1 leather armour of Space (worn) {Fly MP+9}
   (You found it on level 2 of the Dungeon)

   MP+9:      It affects your magic capacity (+9).
   Fly:       It grants you flight.
Jewellery
 j - a ring of protection from fire
Scrolls
 c - 2 scrolls of butterflies
 d - a scroll of immolation {unknown}
 f - 2 scrolls of enchant armour {unknown}
 g - a scroll of vulnerability {unknown}
 h - a scroll of identify {unknown}
 l - a scroll of teleportation {unknown}
 n - a scroll of fog {unknown}
Potions
 e - a potion of haste {unknown}


   Skills:
 + Level 3.7 Fighting
 - Level 3.1 Long Blades
 + Level 2.6 Armour
 - Level 1.5 Dodging


You had 3 spell levels left.
You didn't know any spells.
Your spell library contained the following spells:

 Spells                   Type           Power      Damage    Failure   Level
 Lesser Beckoning         Tloc           0%         N/A       52%         2
 Frozen Ramparts          Ice            0%         1d1       75%         3
 Gell's Gravitas          Tloc           0%         N/A       75%         3
 Teleport Other           Tloc           0%         N/A       75%         3
 Petrify                  Tmut/Erth      0%         N/A       98%         4
 Metabolic Englaciation   Hex/Ice        0%         N/A       100%        5


Dungeon Overview and Level Annotations

Branches:
Dungeon (3/15)

Altars:


Innate Abilities, Weirdness & Mutations

A weak demonic guardian rushes to your aid.


Message History

You kill the gnoll!
You have reached level 4!
You feel stronger.
You start resting. "Let's see if it's strong enough to survive yet."
Your quasit barely misses the white imp.
Your quasit completely misses the white imp.
Your quasit claws the white imp but does no damage.
Your quasit disappears in a puff of smoke!
The white imp shouts, "Remove thy stench, thou mammering spur-galled hedge-pig!"
The iron imp grins evilly.
The white imp closely misses you.
The white imp hits you but does no damage.
The white imp attacks as it pursues you!
The white imp completely misses you.
The white imp attacks as it pursues you!
The white imp hits you. The white imp freezes you.
You feel a little less agile now. The white imp gestures at you.
The puff of frost misses you. The white imp hits you.
The white imp freezes you. The white imp hits you. The white imp freezes you.
* * * LOW HITPOINT WARNING * * *
The white imp grins evilly.
The white imp gestures at you. The puff of frost hits you!
* * * LOW HITPOINT WARNING * * *
A demonic guardian appears!
The white imp hits your white imp. The white imp freezes your white imp.
Your white imp completely resists.
Your white imp barely misses the white imp.
The white imp hits your white imp but does no damage.
Your white imp hits the white imp.
Your white imp freezes the white imp.
The white imp completely resists.
Your white imp barely misses the white imp.
There is a stone staircase leading down here.
The white imp gestures at you. The puff of frost hits you.
You die... "This toy is broken."

.### #.......###....#
...###.......###....#
............###.....#
..[........####....##
##.#.#....#.......######
#.#.#...##.###.#.##...#
##........55###.#.##...#
...........55...#..#...#
.###.....##.....@#.#†..#
.#.......####[.#.#.#...#
...###.### #..#.......#
.#####.# #..##......# ##
#..# #..##..#...# ##.##
#..##..#...# ##..#
#..##..#...## ###..##
#...........# ##..##
##...........#


You could see an iron imp (summoned), 2 white imps and a friendly white imp
(summoned).

Vanquished Creatures
  2 gnolls
  2 worms (D:2)
  A dart slug (D:2)
  4 bats
  3 endoplasms
  A giant cockroach (D:2)
  5 goblins
  4 hobgoblins
  3 quokkas
  7 ball pythons
  2 frilled lizards (D:2)
  A kobold (D:1)
  6 rats
41 creatures vanquished.

Vanquished Creatures (collateral kills)
  A worm (D:3)
  A dart slug (D:1)
2 creatures vanquished.

Grand Total: 43 creatures vanquished

Notes
Turn   | Place    | Note
-------+----------+-------------------------------------------
     0 | D:1      | cforsyth the Demonspawn Chaos Knight began the quest for
                  | the Orb.
     0 | D:1      | Reached XP level 1. HP: 18/18 MP: 1/1
    36 | D:1      | Reached skill level 1 in Dodging
   101 | D:1      | XOM: silly message
   337 | D:1      | Gained mutation: A weak demonic guardian rushes to your
                  | aid. [demonic ancestry]
   337 | D:1      | Reached XP level 2. HP: 17/24 MP: 2/2
   715 | D:1      | XOM: noise
   849 | D:1      | XOM: scenery: 1 doors open, 2 doors close
  1070 | D:2      | Reached XP level 3. HP: 29/29 MP: 3/3
  1505 | D:2      | Identified the +1 leather armour of Space {Fly MP+9}
  1745 | D:3      | XOM: chaos upgrade
  1857 | D:2      | Reached XP level 4. HP: 19/37 MP: 4/4
  1868 | D:2      | XOM: summons 3 hostile demons
  1899 | D:2      | Killed from afar by a white imp

Illustrated notes

Levels and vault maps discovered:
D:1:      mrwooster_arrival_statue, layout_loops_corners, roderic_malta_cross,
          minmay_pentomino_w4
D:2:      layout_rooms
D:3:      layout_basic, mainiacjoe_overflow_small_starburst

Skill      XL: |  1  2 |
---------------+-------+-----
Dodging        | 1 |  1.5
Armour         | 2 |  2.6
Long Blades    | 3 |  3.1
Fighting       | |  3.7

Action                     |  1- 3 |  4- 6 || total
---------------------------+-------+-------++-------
  Melee: Falchion          |   144 |       ||   144
         Punch             |     1 |       ||     1
   Stab: Sleeping          |     1 |       ||     1
 Armour: Leather armour    |    69 |     6 ||    75
         Chain mail        |    36 |       ||    36
         Plate armour      |    12 |       ||    12
  Dodge: Dodged            |    66 |     3 ||    69

Table legend: (Time is in decaauts)
 A = Elapsed time spent in this place.
 B = Non-inter-level travel time spent in this place.
 C = Inter-level travel time spent in this place.
 D = Time resting spent in this place.
 E = Time spent auto-exploring this place.
 F = Levels seen in this place.
 G = Mean time per level.
                   A        B        C        D        E       F      G
               +--------+--------+--------+--------+--------+-----+--------+
         Total |   1922 |   1867 |     55 |    106 |   1358 |   3 |  640.7 |
       Dungeon |   1922 |   1867 |     55 |    106 |   1358 |   3 |  640.7 |
               +--------+--------+--------+--------+--------+-----+--------+

Top non-repeatable levels by time:
     D:1: 1066 daAuts
     D:2: 753 daAuts
     D:3: 102 daAuts
